 Dungeon Crawl Stone Soup version 0.26.0-10-g1f06aea511 (webtiles) character file.

Game seed: 9731643420475983544

93 Borgoz the Slasher (level 4, -4/36 HPs)
             Began as a Ghoul Gladiator on Jan 13, 2021.
             Slain by a quokka (5 damage)
             ... on level 2 of the Dungeon.
             The game lasted 00:01:33 (1304 turns).

Borgoz the Slasher (Ghoul Gladiator)                Turns: 1304, Time: 00:01:34

Health: -4/36      AC:  4    Str: 18    XL:     4   Next: 61%
Magic:  3/3        EV: 12    Int:  3    God:
Gold:   25         SH:  0    Dex: 10    Spells: 3/3 levels left

rFire    . . .     SeeInvis .   a - +0 long sword
rCold    + . .     Faith    .   (no shield)
rNeg     + + +     Spirit   .   b - +0 leather armour
rPois    ∞         Reflect  .   c - +0 helmet
rElec    .         Harm     .   (no cloak)
rCorr    .         Rampage  .   (no gloves)
Will     .....                  (no boots)
Stlth    +.........             (no amulet)
HPRegen  0.00/turn              (no ring)
MPRegen  0.08/turn              (no ring)

@: hasted, very quick
A: claws 1, cold resistance 1, negative energy resistance 3, inhibited
regeneration, torment resistance, unbreathing
a: no special abilities


You were on level 2 of the Dungeon.
You visited 1 branch of the dungeon, and saw 2 of its levels.

You collected 25 gold pieces.

Inventory:

Hand Weapons
 a - a +0 long sword (weapon)
Missiles
 d - 3 throwing nets (quivered)
Armour
 b - a +0 leather armour (worn)
 c - a +0 helmet (worn)
Scrolls
 e - 2 scrolls of identify {unknown}
 h - 2 scrolls of amnesia {unknown}
 j - a scroll of immolation {unknown}
 m - a scroll of remove curse {unknown}
Potions
 f - a potion of berserk rage {unknown}
 i - a potion of flight {unknown}
 k - a potion of heal wounds {unknown}


   Skills:
 - Level 2.1 Fighting
 * Level 3.9 Long Blades
 - Level 1.7 Throwing
 + Level 1.5 Armour
 + Level 3.3 Dodging


You had 3 spell levels left.
You didn't know any spells.
Your spell library was empty.

Dungeon Overview and Level Annotations

Branches:
Dungeon (2/15)

Altars:
Nemelex Xobeh


Innate Abilities, Weirdness & Mutations

You thrive by killing the living.
You are immune to poison.
You have sharp fingernails.
Your flesh is cold resistant. (rC+)
You are immune to negative energy. (rN+++)
You do not regenerate when monsters are visible.
You are immune to unholy pain and torment.
You can survive without breathing.


Message History

You closely miss the bat. The bat hits you but does no damage.
The bat misses you.
You miss the bat. The bat hits you but does no damage.
The bat closely misses you.
You riposte.
You closely miss the bat. The dart slug bites you.
* * * LOW HITPOINT WARNING * * *
You see here a jackal corpse.
You hit the dart slug but do no damage. The bat hits you but does no damage.
You slash the dart slug!
The dart slug is almost dead.
The bat misses you. The dart slug closely misses you.
You hit the dart slug.
You kill the dart slug!
You feel better. The quokka bites you.
* * * LOW HITPOINT WARNING * * *
You barely miss the quokka. The bat misses you. The bat closely misses you.
You riposte.
You hit the bat.
The bat is moderately wounded.
The bat closely misses you. The quokka bites you.
You die...

##### #######...###
###...........## ####
##)..######.....###...
#.)###†...###.......#.
##)##b@)....(##.##.....
##..#.r######..#..#.##..
###..##.......##.##.......
#....#...rw((..#.(#.###.#.
#.##.#.....##?.#..#.# #...
#.##.#..#..# .#..# ....
#.##.#.. ..? #..# ##...
#.##.##. #... ##.## ##.#
#.##..#..######..# . .<


You could see a quokka and a bat.

Vanquished Creatures
  2 worker ants (D:2)
  2 dart slugs
  A leopard gecko (D:2)
  3 orcs (D:2)
  4 goblins (D:1)
  4 hobgoblins
  7 jackals (D:2)
  5 bats
  2 frilled lizards (D:2)
  5 kobolds
  2 rats
37 creatures vanquished.

Notes
Turn   | Place    | Note
-------+----------+-------------------------------------------
     0 | D:1      | Borgoz the Ghoul Gladiator began the quest for the Orb.
     0 | D:1      | Reached XP level 1. HP: 17/17 MP: 0/0
   294 | D:1      | Reached XP level 2. HP: 24/24 MP: 1/1
   852 | D:1      | Found a sparkling altar of Nemelex Xobeh.
  1062 | D:2      | Reached XP level 3. HP: 29/29 MP: 2/2
  1085 | D:2      | Reached skill level 1 in Armour
  1276 | D:2      | Reached XP level 4. HP: 4/36 MP: 3/3
  1303 | D:2      | HP: 1/36 [quokka (3)]
  1304 | D:2      | Slain by a quokka

Illustrated notes

Levels and vault maps discovered:
D:1:      arrival_zaba_pyramid, layout_basic, nemelex_xobeh_ov_fountains_minmay
D:2:      layout_loops_ring, overflow_temple_1_default,
          lemuel_coloured_pillars_altar, marbit_many_paths,
          minmay_randomly_rotated_circles

Skill      XL: |  1  2  3 |
---------------+----------+-----
Long Blades    | 3 |  3.9
Dodging        | 3 |  3.3
Armour         | 1 |  1.5
Fighting       | |  2.1
Throwing       | |  1.7

Action                   |  1- 3 |  4- 6 || total
-------------------------+-------+-------++-------
Melee: Long sword        |    89 |    23 ||   112
  Use: Potion            |     1 |     3 ||     4
Armor: Leather armour    |    32 |    10 ||    42
Dodge: Dodged            |    99 |    23 ||   122
       Rpst.: Long sword |    30 |     5 ||    35
